 Dungeon Crawl Stone Soup version 0.31.0-32-g396128a36d (webtiles) character file.

Game seed: 3652624213881978978

3308 tizbic2 the Summoner (level 10, -1/58 HPs)
             Began as a Tengu Summoner on Apr 13, 2024.
             Was an Initiate of Gozag.
             Killed by divine providence
             ... invoked by an orc priest
              (16 damage)
             ... on level 8 of the Dungeon.
             The game lasted 00:26:13 (5251 turns).

tizbic2 the Summoner (Tengu Summoner)               Turns: 5251, Time: 00:26:15

Health: -1/58      AC:  6    Str: 11    XL:     10   Next: 1%
Magic:  24/30      EV: 15    Int: 18    God:    Gozag
Gold:   771        SH:  9    Dex: 14    Spells: 13/22 levels left

rFire   . . .        I - +7 scimitar (drain)
rCold   . . .        H - +0 kite shield
rNeg    . . .        u - +0 troll leather armour {Pargi}
rPois   +            (helmet restricted)
rElec   .            (no cloak)
rCorr   .            k - +2 pair of gloves
SInv    .            (boots unavailable)
Will    .....        (no amulet)
Stlth   ++           a - ring of poison resistance
HPRegen 1.09/turn    f - ring of magical power
MPRegen 0.22/turn

%: acrobat
@: lethally poisoned (-1 -> -5), gold aura, flying, slowed, inugami summoned,
very slow
A: beak, talons 3, evasive flight, acrobatic
a: Renounce Religion, Potion Petition, Call Merchant, Bribe Branch


You were on level 8 of the Dungeon.
You worshipped Gozag.
Gozag was pleased with you.
You visited 1 branch of the dungeon, and saw 8 of its levels.
You also visited: Sewer.

You collected 1026 gold pieces.
You spent 196 gold pieces at shops.
You paid 59 gold pieces to Gozag.

Inventory:

Hand Weapons
 g - a +1 dagger of venom
 y - a +2 falchion of freezing
 I - a +7 scimitar of draining (weapon)
Missiles
 c - 2 javelins
 q - 31 poisoned darts
 v - 2 atropa-tipped darts
 K - a curare-tipped dart (quivered)
Armour
 d - a +0 scale mail
 e - a +0 buckler
 k - a +2 pair of gloves (worn)
 m - a +0 ring mail
 u - a +0 troll leather armour (worn) {Pargi}
 H - a +0 kite shield (worn)
Magical Staves
 o - a staff of conjuration
Jewellery
 a - a ring of poison resistance (left hand)
 f - a ring of magical power (right hand)
Wands
 p - a wand of light (15)
Scrolls
 h - 2 scrolls of immolation {unknown}
 i - a scroll of brand weapon {unknown}
 l - 3 scrolls of amnesia
 n - 3 scrolls of enchant weapon {unknown}
 x - a scroll of teleportation {unknown}
 B - a scroll of torment {unknown}
 E - a scroll of fear
 F - a scroll of vulnerability {unknown}
Potions
 b - 3 potions of magic
 j - a potion of resistance {unknown}
 r - a potion of haste
 s - 2 potions of cancellation
 t - 2 potions of invisibility
 w - a potion of ambrosia
 z - 3 potions of curing {unknown}
 A - a potion of lignification
 C - a potion of degeneration {unknown}
 D - a potion of mutation {unknown}
 G - 2 potions of might
 J - 2 potions of berserk rage {unknown}


   Skills:
 + Level 4.8 Fighting
 + Level 2.0 Long Blades
 - Level 1.2 Staves
 - Level 4.8 Dodging
 - Level 2.0 Stealth
 * Level 4.7 Shields
 * Level 6.7 Spellcasting
 * Level 9.7 Summonings
 + Level 5.3 Air Magic


You had 13 spell levels left.
You knew the following spells:

 Your Spells              Type           Power      Damage    Failure   Level
a - Call Imp              Summ           82%        N/A       1%          2
b - Call Canine Familiar  Summ           41%        N/A       3%          3
c - Summon Lightning Spi  Summ/Air       33%        N/A       24%         4

Your spell library contained the following spells:

 Spells                   Type           Power      Damage    Failure   Level
 Summon Small Mammal      Summ           100%       N/A       1%          1
 Kiss of Death            Conj/Necr      24%        2d7       50%         1
 Summon Blazeheart Golem  Fire/Summ      23%        N/A       58%         4
 Confusing Touch          Hex            6%         N/A       86%         3
 Dispel Undead            Necr           6%         3d8       99%         4


Dungeon Overview and Level Annotations

Branches:
Dungeon (8/15)              Sewer (visited)
 Temple: D:4-7         Lair: D:8-11

Altars:
Dithmenos
Gozag
Nemelex Xobeh
Ru
Vehumet
Wu Jian
Xom
Yredelemnul

Shops:
D:7 (


Innate Abilities, Weirdness & Mutations

You have a beak for a mouth.
You have claws for feet.
Your magical flight helps you evade attacks. (EV +4)
You can magically evade attacks while moving or waiting.


Message History

Aim: a hornet (moderately wounded, ally target) Attack!
The hornet stings you!
You are poisoned.
The orc priest barely misses your inugami.
The hornet stings you.
You are more poisoned.
You feel yourself slow down.
The howler monkey is distracted by your dazzling golden aura.
Your inugami barely misses the hornet.
The howler monkey howls!
Casting: Call Canine Familiar (dangerous; 3% risk of failure)
Confirm with . or Enter, or press ? or * to list all spells.
You imbue your familiar with magical energy and its fangs glint viciously.
You feel yourself speed up.
You feel extremely sick.
The howler monkey is no longer distracted by gold.
The hornet closely misses you.
The orc priest hits your inugami with a +0 flail.
The hornet stings you.
You feel yourself slow down.
Your inugami barely misses the hornet.
Your inugami completely misses the water moccasin.
Your inugami hits the howler monkey but does no damage.
Your inugami hits the orc priest. Your inugami misses the hornet.
The orc priest invokes the aid of Beogh against you.
Beogh smites you!
The howler monkey hoots and howls with incredible vigour!
Casting: Call Canine Familiar (dangerous; 3% risk of failure)
Confirm with . or Enter, or press ? or * to list all spells.
You imbue your familiar with magical energy and its fangs glint viciously.
You feel very sick.
The hornet stings you but does no damage.
Your inugami hits the hornet!
Your inugami barely misses the orc priest.
Your inugami hits the water moccasin.
Your inugami barely misses the howler monkey.
Your inugami hits the hornet.
The orc priest invokes the aid of Beogh against you.
Beogh smites you!
You die...
Your body crumbles into a pile of gold.

#.# #................# #.#
#................# #.#
#................#
#.#######................#
#........##'#.>..[...# .#
#####....##.#....)...### .#
#....+..#Sh......'.###.#
###....####yho.....#.....##
#.'....+..@#.#'#.#[#.......
#.#....###.#.#.#.#.........
#.#....+................##.
#.#....###'#+#........).##.
#.#....##...............##.
#.#....##.............)))<.
#.###'###.........#......))
#.# #.# #.........#........
#.# #.# #.........#........


You could see a hornet (distracted, ally target), a water moccasin, a howler
monkey (catching breath), an orc priest and a friendly inugami (summoned).

Vanquished Creatures
  Joseph (D:7)
  Duvessa (D:6)
  A water moccasin (D:7)
  2 ice beasts (D:7)
  Pargi (Sewer)
  A sky beast (D:7)
  An ogre (D:5)
  A black bear (D:7)
  A phantom (D:5)
  2 kobold brigands (D:8)
  Dowan (D:6)
  2 wights
  3 howler monkeys
  2 jellies
  2 bombardier beetles (D:5)
  2 orc priests
  A sleepcap (D:7)
  Terence (D:2)
  2 iguanas (D:6)
  5 gnolls
  6 adders
  2 ufetubi (D:6)
  3 ribbon worms (D:3)
  2 dart slugs (D:2)
  5 orcs
  3 bats
  5 endoplasms
  A giant cockroach (D:2)
  11 goblins
  4 hobgoblins
  2 jackals (Sewer)
  17 kobolds
  4 quokkas
  7 ball pythons
  2 frilled lizards
  4 rats
111 creatures vanquished.

Vanquished Creatures (collateral kills)
  Menkaure (D:6)
  A black bear (D:6)
  An ice beast (D:6)
  A sky beast (D:6)
  2 ogres
  A phantom (D:5)
  A kobold brigand (D:5)
  2 gnoll sergeants
  A scorpion (D:5)
  A water moccasin zombie (D:5)
  A howler monkey (D:6)
  A centaur zombie (D:5)
  A bullfrog zombie (D:5)
  A gnoll bouda (D:7)
  An iguana (D:6)
  An orc wizard (D:8)
  A sleepcap (D:5)
  2 hound zombies (D:5)
  6 gnolls
  2 white imps (D:6)
  A ribbon worm (D:3)
  10 orcs
  A ball python (D:1)
  A bat (D:1)
  3 goblins
  3 kobolds
48 creatures vanquished.

Grand Total: 159 creatures vanquished

Notes
Turn   | Place    | Note
-------+----------+-------------------------------------------
     0 | D:1      | tizbic2 the Tengu Summoner began the quest for the Orb.
     0 | D:1      | Reached XP level 1. HP: 10/10 MP: 4/4
   178 | D:1      | Reached skill level 5 in Summonings
   178 | D:1      | Reached XP level 2. HP: 16/16 MP: 3/6
   643 | D:2      | Reached XP level 3. HP: 20/20 MP: 7/7
   706 | D:2      | Reached skill level 1 in Fighting
   727 | D:2      | Reached XP level 4. HP: 23/25 MP: 7/9
   828 | D:2      | Noticed Terence
   837 | D:2      | Killed Terence
  1098 | D:2      | Reached XP level 5. HP: 27/29 MP: 10/10
  1152 | D:2      | Learned a level 3 spell: Call Canine Familiar
  1199 | D:3      | Found a shimmering altar of Xom.
  1222 | D:3      | Identified the +2 barding "Rala" {rElec Str-5 Int+4}
  1426 | D:3      | Found a glowing drain.
  1451 | D:3      | HP: 1/29 [ribbon worm (6)]
  1459 | D:3      | Reached skill level 6 in Summonings
  1487 | Sewer    | Entered a sewer
  1558 | Sewer    | Noticed Pargi
  1575 | Sewer    | Killed Pargi
  1576 | Sewer    | Reached skill level 1 in Staves
  1576 | Sewer    | Reached XP level 6. HP: 7/35 MP: 10/12
  2218 | D:3      | Found an opulent altar of Gozag.
  2240 | D:3      | Became a worshipper of Gozag Ym Sagoz the Greedy
  2357 | D:4      | HP: 1/35 [orc wizard/magic dart (6)]
  2367 | D:5      | Entered Level 5 of the Dungeon
  2431 | D:5      | Reached skill level 1 in Air Magic
  2492 | D:5      | Gained mutation: Your magical flight helps you evade
                  | attacks. (EV +4) [Tengu growth]
  2492 | D:5      | Reached XP level 7. HP: 40/40 MP: 5/14
  2537 | D:5      | Found a basalt altar of Yredelemnul.
  2608 | D:5      | Reached skill level 1 in Shields
  2761 | D:5      | Reached skill level 7 in Summonings
  2965 | D:5      | Reached XP level 8. HP: 35/46 MP: 5/16
  3446 | D:6      | Noticed Duvessa
  3448 | D:6      | Noticed Dowan
  3460 | D:6      | Killed Duvessa
  3461 | D:6      | Reached skill level 5 in Spellcasting
  3466 | D:6      | Killed Dowan
  3507 | D:6      | Reached skill level 8 in Summonings
  3542 | D:6      | Noticed Menkaure
  3556 | D:6      | Killed Menkaure
  3791 | D:6      | Found a radiant altar of Vehumet.
  3795 | D:6      | Found a sacrificial altar of Ru.
  3799 | D:6      | Reached XP level 9. HP: 52/52 MP: 16/18
  3802 | D:6      | Found a shadowy altar of Dithmenos.
  3803 | D:6      | Found an ornate altar of the Wu Jian Council.
  3804 | D:6      | Found a sparkling altar of Nemelex Xobeh.
  3820 | D:6      | Learned a level 4 spell: Summon Lightning Spire
  3991 | D:7      | Noticed Joseph
  4004 | D:7      | HP: 1/52 [Joseph/sling bullet (6)]
  4008 | D:7      | Killed Joseph
  4009 | D:7      | Reached skill level 9 in Summonings
  4060 | D:7      | Found Otifivarph's Antique Weapon Emporium.
  4065 | D:7      | Bought a glowing scimitar for 196 gold pieces
  4195 | D:7      | Reached skill level 1 in Long Blades
  4320 | D:7      | Reached skill level 5 in Air Magic
  4928 | D:8      | Learned a level 2 spell: Call Imp
  5074 | D:8      | Reached XP level 10. HP: 28/58 MP: 21/21
  5251 | D:8      | Killed from afar by an orc priest

Illustrated notes

Levels and vault maps discovered:
D:1:      lightli_arrival_statuegarden, layout_loops_ring
D:2:      layout_basic, kennysheep_generic_room_16, uniq_terence
D:3:      layout_loops_ring, lemuel_tele_altar,
          nicolae_gozag_cash_rules_everything_around_me,
          cheibrodos_sewer_entry_bend
D:4:      layout_loops_ring, marbit_many_paths, minmay_temple_entry_grid,
          minmay_circle_x
D:5:      layout_loops_corners, nicolae_yredelemnul_corpse_copse
D:6:      layout_cave_pools, grunt_temple_overflow_open, minmay_splitting_lines,
          hangedman_decor_clover_reticule, uniq_menkaure, uniq_duvessa
D:7:      layout_layer_cave, serial_shops, kennysheep_little_box,
          hangedman_abyss_or_decor_lesser_grid, uniq_joseph
D:8:      minmay_quarter_circles, layout_basic, chequers_garden

Skill      XL: |  1  2  3  4  5  6  7  8  9 |
---------------+----------------------------+-----
Summonings     | 5 6 7 8 9 |  9.7
Fighting       | 1 2 3 4 |  4.8
Spellcasting   | 3 4 5 6 |  6.7
Staves         | 1 |  1.2
Dodging        | 3 4 |  4.8
Air Magic      | 1 2 3 5 |  5.3
Shields        | 1 2 4 |  4.7
Long Blades    | 2 |  2.0
Stealth        | |  2.0

Action                     |  1- 3 |  4- 6 |  7- 9 | 10-12 || total
---------------------------+-------+-------+-------+-------++-------
  Melee: Unarmed           |     4 |       |       |       ||     4
         Kick              |    14 |    47 |    71 |     2 ||   134
         Dagger            |    31 |   111 |    56 |       ||   198
         Peck              |     6 |    28 |    45 |     1 ||    80
         Staff             |       |    58 |       |       ||    58
         Falchion          |       |       |    74 |       ||    74
         Scimitar          |       |       |    72 |     5 ||    77
  Throw: Javelin           |     3 |       |       |       ||     3
   Cast: Summon Small Mamm |     9 |       |    10 |       ||    19
         Call Canine Famil |       |     6 |    26 |     4 ||    36
         Call Imp          |       |       |     4 |       ||     4
    Use: Potion            |       |     5 |     1 |       ||     6
         Scroll            |       |       |     6 |       ||     6
   Stab: Sleeping          |       |     1 |     1 |       ||     2
         Distracted        |       |       |     2 |       ||     2
 Armour: Robe              |     1 |       |       |       ||     1
         Plate armour      |    15 |   130 |       |       ||   145
         Troll leather arm |       |    18 |    86 |     9 ||   113
  Dodge: Dodged            |    11 |    44 |   140 |    12 ||   207
  Block: Buckler           |       |    18 |    31 |       ||    49
         Kite shield       |       |       |    52 |     2 ||    54
